 Dungeon Crawl Stone Soup version 0.26-a0-962-g9b92081034 (webtiles) character file.

Game seed: 7469631185171440228

1722 Dracia the Disciple of Destruction (level 8, -10/56 HPs)
             Began as a Demonspawn Warper on Dec 2, 2020.
             Was a Follower of Makhleb.
             Killed from afar by Maggie (14 damage)
             ... with a bolt of fire
             ... on level 7 of the Dungeon.
             The game lasted 00:15:08 (7241 turns).

Dracia the Disciple of Destruction (DsWr)           Turns: 7241, Time: 00:15:09

Health: -10/56     AC:  6    Str: 19    XL:     8   Next: 75%
Magic:  13/13      EV: 12    Int: 15    God:    Makhleb [*.....]
Gold:   420        SH:  0    Dex: 19    Spells: 0/11 levels left

rFire    . . .     SeeInvis .   a - +0 spear (venom)
rCold    . . .     Faith    .   (no shield)
rNeg     . . .     Spirit   .   o - +0 leather armour
rPois    .         Reflect  .   j - +0 helmet
rElec    .         Harm     .   h - +0 cloak {MR+}
rCorr    .         Rampage  .   (no gloves)
MR       +....                  (no boots)
Stlth    +.........             (no amulet)
HPRegen  0.18/turn              v - +6 ring of dexterity
MPRegen  0.13/turn              p - +6 ring of strength

@: no status effects
A: spiny 2, sharp scales 1
a: Renounce Religion


You were on level 7 of the Dungeon.
You worshipped Makhleb.
Makhleb was aware of your devotion.
You visited 1 branch of the dungeon, and saw 7 of its levels.

You collected 420 gold pieces.


Innate Abilities, Weirdness & Mutations

You are mostly covered in sharp spines.
You are partially covered in razor-sharp scales. (AC +1, Slay +1)


   Skills:
 - Level 2.0 Fighting
 - Level 1.9 Maces & Flails
 + Level 6.2 Polearms
 + Level 2.2 Bows
 - Level 0.8 Throwing
 - Level 0.8 Armour
 - Level 1.7 Dodging
 - Level 2.0 Spellcasting
 - Level 6.3 Translocations
 - Level 7.0 Invocations


You couldn't memorise any spells.
You knew the following spells:

 Your Spells              Type           Power        Failure   Level
a - Blink                 Tloc           N/A          3%          2
b - Gell's Gravitas       Tloc           ###.......   6%          3
c - Lesser Beckoning      Tloc           ###.......   6%          3
d - Teleport Other        Tloc           ###.....     6%          3

Your spell library contained the following spells:

 Spells                   Type           Power        Failure   Level
 Passage of Golubria      Tloc           N/A          19%         4
 Sandblast                Erth           #.....       26%         1
 Sting                    Tmut/Pois      #...         26%         1
 Passwall                 Tmut/Erth      #.......     36%         2
 Poisonous Vapours        Pois/Air       #.....       36%         2
 Ignite Poison            Fire/Tmut/Pois #.......     61%         3
 Mephitic Cloud           Conj/Pois/Air  #.......     61%         3
 Stone Arrow              Conj/Erth      #.....       61%         3
 Olgreb's Toxic Radiance  Pois           #.......     95%         4
 Petrify                  Tmut/Erth      #.......     95%         4
 Lee's Rapid Deconstruct  Erth           #.........   100%        5

Inventory:

Hand Weapons
 a - a +0 spear of venom (weapon)
 b - a +1 vorpal shortbow
 c - a +3 whip
 k - a +0 spear
Missiles
 e - 5 boomerangs of dispersal {=f=f}
 f - 41 poisoned darts (quivered)
 x - 108 stones
 E - 49 arrows
 G - 3 atropa-tipped darts
 H - 5 silver boomerangs
Armour
 h - a +0 cloak of magic resistance (worn)
 j - a +0 helmet (worn)
 o - a +0 leather armour (worn)
 C - a +0 buckler of protection
 D - a +0 leather armour
 F - a +0 pair of boots
Magical Staves
 u - an uncursed staff of earth {!a!a, unknown}
Jewellery
 g - an uncursed ring of teleportation
 p - a +6 ring of strength (right hand)
 r - an uncursed ring of fire
 v - a +6 ring of dexterity (left hand)
Wands
 w - a wand of acid (4)
Scrolls
 d - 2 scrolls of blinking
 i - 2 scrolls of fear
 n - 4 scrolls of identify {@r1@r1}
 q - 2 scrolls of teleportation {@r4@r4}
 t - 6 scrolls of remove curse {@r2@r2}
 y - 2 scrolls of magic mapping
Potions
 l - a potion of heal wounds {@q2@q2}
 m - a potion of resistance
 s - 3 potions of cancellation
 z - a potion of lignification
 A - 2 potions of mutation {unknown}
 B - 3 potions of curing {@q1@q1}
 I - a potion of magic {unknown}

Dungeon Overview and Level Annotations

Branches:
Dungeon (7/15)             Temple (0/1) D:7

Altars:
Dithmenos
Gozag
Hepliaklqana
Makhleb
Nemelex Xobeh
Qazlal
Wu Jian
Yredelemnul

Annotations:
D:7 Joseph, Maggie

#.#.#...........########
#.#...#...>...#........#
#.........))...........#
#$(..#.......#........#
##...................#
###..#†#.#.#.#.........
##..(........)..#######.#
#..##.....#....#####..!.#
).#.............@.@......
.##.##.########..........
.........# #.....(.(((
##..>....# #..........
#.......# #..........
##.......# #..........
.........# #..........
##.......## ##...###.##
#........#####..#..##..


You could see Maggie (very poisoned).


Message History

The hound zombie bites you.
* * * LOW HITPOINT WARNING * * *
Unknown command.
You barely miss Maggie.
Maggie is severely wounded.
The hound zombie bites you.
* * * LOW HITPOINT WARNING * * *
Maggie hits you with a +1 long sword of flaming.
* * * LOW HITPOINT WARNING * * *
Maggie burns you.
* * * LOW HITPOINT WARNING * * *
You hit the hound zombie but do no damage.
The hound zombie is severely damaged.
The hound zombie is struck by your spines.
The hound zombie bites you but does no damage.
Maggie barely misses you.
Unknown command.
You hit the hound zombie.
The hound zombie is almost destroyed.
The hound zombie bites you but does no damage.
You hit the hound zombie.
You destroy the hound zombie!
Makhleb accepts your kill.
Maggie hits you with a +1 long sword of flaming!
* * * LOW HITPOINT WARNING * * *
Maggie burns you.
* * * LOW HITPOINT WARNING * * *
Maggie gestures at you while chanting. The bolt of fire hits you!
You die...

Skill      XL: |  1  2  3  4  5  6  7  8 |
---------------+-------------------------+-----
Polearms       | 2 3 4 5 6 |  6.2
Translocations | 3 4 5 6 |  6.3
Maces & Flails | 1 |  1.9
Invocations    | 1 3 5 7 |  7.0
Bows           | 2 |  2.2
Fighting       | |  2.0
Throwing       | |  0.8
Armour         | |  0.8
Dodging        | |  1.7
Spellcasting   | |  2.0

Action                   |  1- 3 |  4- 6 |  7- 9 || total
-------------------------+-------+-------+-------++-------
Melee: Spear             |    14 |   141 |   130 ||   285
       Whip              |    69 |       |       ||    69
 Fire: Shortbow          |       |       |    33 ||    33
Throw: Dart              |       |     2 |    14 ||    16
 Cast: Gell's Gravitas   |       |       |     3 ||     3
       Blink             |       |       |     6 ||     6
  Use: Scroll            |     1 |     8 |     1 ||    10
       Potion            |     4 |     2 |     4 ||    10
 Stab: Sleeping          |       |     1 |     1 ||     2
Armor: Leather armour    |    17 |    22 |    21 ||    60
Dodge: Dodged            |    41 |    34 |    51 ||   126

Levels and vault maps discovered:
D:1:      wander_arrival_estate, layout_loops_ring, solitary_fountain
D:2:      layout_rooms, lemuel_doored_altar, uniq_natasha, uniq_robin
D:3:      layout_loops_ring, grunt_temple_overflow_octagram,
          minmay_misc_feat_tower, hangedman_feature_mirror, uniq_jessica
D:4:      layout_basic, st_stairs_9, saegor_snake_ambush
D:5:      layout_loops_ring, nemelex_lonely_heart_becter, uniq_menkaure
D:6:      layout_gridville, grunt_dithmenos_smoke
D:7:      layout_rooms, minmay_temple_entry_glass, uniq_joseph, uniq_maggie

Notes
Turn   | Place    | Note
-------+----------+-------------------------------------------
     0 | D:1      | Dracia the Demonspawn Warper began the quest for the Orb.
     0 | D:1      | Reached XP level 1. HP: 16/16 MP: 3/3
   161 | D:1      | Reached skill level 2 in Polearms
   332 | D:1      | Gained mutation: You are partially covered in sharp spines.
                  | [demonic ancestry]
   332 | D:1      | Reached XP level 2. HP: 22/22 MP: 5/5
   350 | D:1      | Learned a level 2 spell: Blink
   387 | D:1      | Reached skill level 3 in Translocations
   515 | D:1      | Reached skill level 1 in Maces & Flails
   723 | D:1      | Reached XP level 3. HP: 27/27 MP: 6/6
  1064 | D:2      | Noticed Robin
  1086 | D:2      | Killed Robin
  1099 | D:2      | Noticed Natasha
  1255 | D:3      | Reached XP level 4. HP: 23/33 MP: 7/7
  1694 | D:2      | Identified a potion of resistance
  1723 | D:2      | Killed Natasha
  1826 | D:2      | Noticed Natasha
  1834 | D:2      | Killed Natasha
  1835 | D:2      | Reached skill level 4 in Translocations
  1835 | D:2      | Gained mutation: You are mostly covered in sharp spines.
                  | [demonic ancestry]
  1835 | D:2      | Reached XP level 5. HP: 23/38 MP: 8/8
  1876 | D:2      | Reached skill level 3 in Polearms
  2139 | D:2      | Noticed Natasha
  2145 | D:2      | Killed Natasha
  2223 | D:2      | Found an ornate altar of the Wu Jian Council.
  2638 | D:3      | Noticed Jessica
  2641 | D:3      | Killed Jessica
  2975 | D:3      | Found a stormy altar of Qazlal.
  2982 | D:3      | Found a hazy altar of Hepliaklqana.
  2989 | D:3      | Found a sparkling altar of Nemelex Xobeh.
  2996 | D:3      | Found a basalt altar of Yredelemnul.
  3001 | D:3      | Found a burning altar of Makhleb.
  3008 | D:3      | Found a shadowy altar of Dithmenos.
  3013 | D:3      | Found an opulent altar of Gozag.
  3023 | D:3      | Became a worshipper of Makhleb the Destroyer
  3028 | D:3      | Learned a level 3 spell: Gell's Gravitas
  3032 | D:3      | Learned a level 3 spell: Lesser Beckoning
  3359 | D:4      | Noticed an ogre
  3371 | D:4      | Reached skill level 1 in Invocations
  3371 | D:4      | Reached XP level 6. HP: 42/44 MP: 9/9
  3402 | D:4      | Reached skill level 2 in Invocations
  3405 | D:4      | Reached skill level 4 in Polearms
  3415 | D:4      | Reached skill level 5 in Translocations
  4416 | D:5      | Entered Level 5 of the Dungeon
  4430 | D:5      | Reached skill level 3 in Invocations
  4585 | D:5      | Reached XP level 7. HP: 50/50 MP: 10/10
  4630 | D:5      | Found a sparkling altar of Nemelex Xobeh.
  4787 | D:5      | Reached skill level 4 in Invocations
  4953 | D:5      | Noticed Menkaure
  4964 | D:5      | HP: 5/50 [Menkaure (22)]
  4968 | D:5      | Killed Menkaure
  5144 | D:5      | Reached * piety under Makhleb
  5466 | D:5      | Reached skill level 5 in Polearms
  5467 | D:5      | Reached skill level 5 in Invocations
  5564 | D:5      | Gained mutation: You are partially covered in razor-sharp
                  | scales. (AC +1, Slay +1) [demonic ancestry]
  5564 | D:5      | Reached XP level 8. HP: 49/56 MP: 11/11
  5705 | D:5      | Reached skill level 6 in Translocations
  6089 | D:6      | Found a shadowy altar of Dithmenos.
  6135 | D:6      | Reached skill level 6 in Invocations
  6363 | D:6      | Learned a level 3 spell: Teleport Other
  6468 | D:7      | Noticed Joseph
  6739 | D:6      | Reached skill level 1 in Bows
  7123 | D:7      | Reached skill level 6 in Polearms
  7138 | D:7      | Found a staircase to the Ecumenical Temple.
  7156 | D:7      | Reached skill level 7 in Invocations
  7192 | D:7      | Reached skill level 2 in Bows
  7221 | D:7      | Noticed Maggie
  7240 | D:7      | HP: 5/56 [Maggie/+1 long sword of flaming (10)]
  7241 | D:7      | Killed from afar by Maggie

Vanquished Creatures
  Menkaure (D:5)
  An orc warrior (D:6)
  2 sky beasts (D:5)
  An ogre (D:4)
  2 centaurs
  3 scorpions
  A wyvern skeleton (D:6)
  2 howler monkeys
  3 orc wizards
  2 orc priests
  2 hounds
  A jelly (D:7)
  Jessica (D:3)
  Natasha (thrice) (D:2)
  8 worker ants
  A hound zombie (D:7)
  A worker ant zombie (D:5)
  Robin (D:2)
  A howler monkey zombie (D:7)
  8 adders
  A shadow imp (D:5)
  A white imp (D:5)
  3 ufetubi
  An ooze (D:5)
  2 adder skeletons
  3 worms
  5 dart slugs
  3 leopard geckos
  17 orcs
  3 ball pythons
  6 bats
  4 giant cockroaches
  17 goblins
  5 hobgoblins
  2 quokkas (D:4)
  4 frilled lizards
  9 kobolds
  A leopard gecko skeleton (D:5)
  A quokka skeleton (D:3)
  7 rats
140 creatures vanquished.

Vanquished Creatures (others)
  2 plants (D:4)
2 creatures vanquished.

Grand Total: 142 creatures vanquished

Table legend: (Time is in decaauts)
 A = Elapsed time spent in this place.
 B = Non-inter-level travel time spent in this place.
 C = Inter-level travel time spent in this place.
 D = Time resting spent in this place.
 E = Time spent auto-exploring this place.
 F = Levels seen in this place.
 G = Mean time per level.
                   A        B        C        D        E       F      G
               +--------+--------+--------+--------+--------+-----+--------+
         Total |   7239 |   7038 |    201 |   1056 |   5095 |   7 | 1034.1 |
       Dungeon |   7239 |   7038 |    201 |   1056 |   5095 |   7 | 1034.1 |
               +--------+--------+--------+--------+--------+-----+--------+

Top non-repeatable levels by time:
     D:5: 1513 daAuts
     D:4: 1253 daAuts
     D:3: 1152 daAuts
     D:2: 1098 daAuts
     D:6: 1069 daAuts
     D:1: 923 daAuts
     D:7: 228 daAuts

Table legend:
 A = Non-vault XP
 B = Vault XP
 C = Vault XP percentage of total XP
 D = Non-vault monster count
 E = Vault monster count
 F = Vault count percentage of total count
                 A         B        C        D         E       F
            +---------+---------+-------+---------+---------+-------
      Total |    2166 |     294 |  12.0 |     122 |      18 |  12.9
            +---------+---------+-------+---------+---------+-------
        D:1 |      49 |       0 |   0.0 |      25 |       0 |   0.0
        D:2 |     145 |      73 |  33.5 |      17 |      13 |  43.3
        D:3 |      34 |      37 |  52.1 |      14 |       1 |   6.7
        D:4 |     325 |      27 |   7.7 |      13 |       3 |  18.8
        D:5 |     811 |     157 |  16.2 |      31 |       1 |   3.1
        D:6 |     409 |       0 |   0.0 |       9 |       0 |   0.0
        D:7 |     393 |       0 |   0.0 |      13 |       0 |   0.0
            +---------+---------+-------+---------+---------+-------
